 Dungeon Crawl Stone Soup version 0.21-a0-442-g848f44b (webtiles) character file.

42 Goblin1989 the Ducker (level 3, 0/17 HPs)
             Began as a Felid Monk on Nov 15, 2017.
             Slain by a bullfrog (7 damage)
             ... on level 2 of the Dungeon.
             The game lasted 00:02:27 (1176 turns).

Goblin1989 the Ducker (Felid Monk)                  Turns: 1176, Time: 00:02:28

Health: 0/17       AC:  1    Str:  7    XL:     3   Next: 33%
Magic:  4/4        EV: 20    Int: 11    God:
Gold:   70         SH:  0    Dex: 19    Spells: 2/2 levels left
                                        Lives:  0   Deaths: 0

rFire    . . .     SeeInvis +     - Unarmed
rCold    . . .     Gourm    .   (shield unavailable)
rNeg     . . .     Faith    .   (armour unavailable)
rPois    .         Spirit   .   (helmet unavailable)
rElec    .         Reflect  .   (cloak unavailable)
rCorr    .         Harm     .   (gloves unavailable)
MR       .....                  (boots unavailable)
Stlth    +++.......             h - amulet of rage
HPRegen  0.05/turn              (no ring)
MPRegen  0.09/turn              (no ring)

@: quick
A: no armour, no weapons or thrown items, stealth, claws 1, fangs 3, see
invisible, carnivore 3, speed 1, shaggy fur 1, slow metabolism 1, sharp paws
a: Evoke Berserk Rage


You were on level 2 of the Dungeon.
You were completely stuffed.

You visited 1 branch of the dungeon, and saw 2 of its levels.

You collected 70 gold pieces.

Inventory:

Jewellery
 h - an amulet of rage (around neck)
 n - an uncursed amulet of faith {!P}
Scrolls
 b - 2 scrolls of amnesia {unknown}
 d - a scroll of enchant weapon {unknown}
 g - 4 scrolls of identify {unknown}
 i - a scroll of enchant armour {unknown}
 j - a scroll of remove curse {unknown}
 m - a scroll of random uselessness {unknown}
 o - a scroll of magic mapping {unknown}
Potions
 c - a potion of flight {unknown}
 k - a potion of berserk rage {unknown}
 p - a potion of mutation {unknown}
Comestibles
 a - 4 meat rations {@e2}
 f - 4 chunks of flesh
 l - a royal jelly


   Skills:
 + Level 3.3 Fighting
 + Level 4.4 Dodging
 + Level 3.4 Stealth
 * Level 3.5 Unarmed Combat
 + Level 0.5 Evocations


You had 2 spell levels left.
You didn't know any spells.

Dungeon Overview and Level Annotations

Branches:
Dungeon (2/15)

Altars:

Annotations:
D:2 exclusion: Natasha, Natasha


Innate Abilities, Weirdness & Mutations

You cannot wear armour.
You are incapable of wielding weapons or throwing items.
Your paws allow you to move quietly. (Stealth)
You have sharp claws.
You have razor-sharp teeth.
You have supernaturally acute eyesight. (SInv)
You are carnivorous and can eat meat at any time.
You cover ground quickly.
You are covered in fur. (AC +1)
You have a slow metabolism.
Your sharp claws are effective at attacking unaware monsters.


Message History

You pounce on the unaware helpless rat!
You mangle the rat!!
You kill the rat!
No target in view!
No target in view!
No target in view!
No target in view!
No target in view!
No target in view!
No target in view!
No target in view!
No target in view!
No target in view!
No target in view!
No target in view!
No target in view!
Found a stone staircase leading down.
You see here a rat corpse.
You butcher the rat corpse.
f - 4 chunks of flesh (gained 1)
You see here a rat skeleton. x2
Some of the chunks of flesh in your inventory have rotted away.
You see here a bread ration {@e1}.
A rat comes into view.
Found a stone staircase leading down.
You see here a mace.
You closely miss the rat. The rat misses you.
You claw the rat!
You kill the rat!
No target in view!
No target in view!
No target in view!
There is a stone staircase leading down here.
a - 4 meat rations {@e2} (gained 1)
m - a scroll labeled LOTICOORES Marking area around Natasha as unsafe for travelling.
Natasha, Servant of Life and Death comes into view.
Found a stone staircase leading up.
You see here 22 sling bullets.
You enter a teleport trap!
The teleport trap disappears.
Your surroundings suddenly seem different.
Unknown command.
A frilled lizard comes into view.
A frilled lizard is nearby!
You see here a scroll labeled GEALLO MYEBECI.
The helpless frilled lizard fails to defend itself.
You claw the frilled lizard!
You kill the frilled lizard!
No target in view!
n - a dented pearl amulet You butcher the frilled lizard corpse.
f - 3 chunks of flesh (gained 1) Put on which piece of jewellery? (? for menu, Esc to quit)
You remove your amulet of rage.
You feel a strange surge of divine interest.
n - an amulet of faith (around neck) Unknown command.
o - a scroll labeled GEALLO MYEBECI
g - 2 scrolls labeled UQETTIMEKK (gained 1)
g - 3 scrolls labeled UQETTIMEKK (gained 1) Put on which piece of jewellery? (? for menu, Esc to quit)
You remove your amulet of faith {!P}.
h - an amulet of rage (around neck) Eating one of 3 chunks of flesh.
You eat one of the 3 chunks of flesh.
This raw flesh tastes great.
A hobgoblin comes into view. It is wielding a club.
A hobgoblin is nearby!
The hobgoblin shouts!
You scratch the hobgoblin.
You kill the hobgoblin!
No target in view!
p - a lumpy silvery potion A goblin comes into view.
It is wielding a club.
A goblin is nearby!
The helpless goblin fails to defend itself.
You mangle the goblin!!
You kill the goblin!
No target in view!
You butcher the goblin corpse.
f - 4 chunks of flesh (gained 2)
You see here a club. x2
g - 4 scrolls labeled UQETTIMEKK (gained 1)
A bullfrog comes into view.
A bullfrog is nearby!
The bullfrog croaks.
You closely miss the bullfrog. You bite the bullfrog.
The bullfrog is lightly wounded.
The bullfrog misses you. The bullfrog hits you.
A kobold comes into view.
You take 6 damage, and have 11/17 hp.
MASSIVE DAMAGE!!
You barely miss the bullfrog. You bite the bullfrog.
The bullfrog is moderately wounded.
The bullfrog hits you.
You take 3 damage, and have 8/17 hp.
You claw the bullfrog! Your bite misses the bullfrog.
The bullfrog is severely wounded.
The bullfrog hits you.
* * * LOW HITPOINT WARNING * * *
The bullfrog hits you!
You die... ........█ ...██████ .. ████ ... █ █.█ █████████

█.█ ........█ █.█
███████.█ █.█ █.█
████.███ █.█
█.@F...███.█ █.█
█.██...K....
█.███████.███....█.█
█.........█ █......


███████████ █..███ ..█ .█ █ You could see a bullfrog and a kobold.

Vanquished Creatures
  3 dart slugs
  2 leopard geckos (D:1)
  5 bats (D:1)
  A giant cockroach (D:1)
  4 hobgoblins
  4 kobolds (D:1)
  2 frilled lizards (D:2)
  5 goblins
  7 rats
33 creatures vanquished.

Notes
Turn   | Place    | Note
-------+----------+-------------------------------------------
     0 | D:1      | Goblin1989 the Felid Monk began the quest for the Orb.
     0 | D:1      | Reached XP level 1. HP: 10/10 MP: 2/2
   280 | D:1      | Reached XP level 2. HP: 14/14 MP: 3/3
   599 | D:1      | Reached XP level 3. HP: 14/17 MP: 4/4
  1001 | D:2      | Noticed Natasha
  1169 | D:2      | Noticed a bullfrog
  1176 | D:2      | Slain by a bullfrog

Vault maps used:
D:1:      saegor_arrival_under_anarchy
D:2:      first_bread, uniq_natasha

Skill      XL: |  1 |
---------------+----+-----
Stealth        | 3 |  3.4
Fighting       | |  3.3
Dodging        | |  4.4
Unarmed Combat | |  3.5
Evocations     | |  0.5

Action                   || total
-------------------------++-------
Melee: Unarmed           ||    69
       Bite              ||     8
 Stab: Sleeping          ||    15
  Eat: Chunk             ||     8
Armor: Skin              ||     3
Dodge: Dodged            ||    49

Table legend:
 A = Spawn XP
 B = Non-spawn XP
 C = Spawn XP percentage of total XP
 D = Spawn monster count
 E = Non-spawn monster count
 F = Spawn count percentage of total count
 G = Total turns spent on level
                    A         B        C        D         E        F      G
               +---------+---------+-------+---------+---------+-------+---------
         Total |       0 |      60 |   0.0 |       0 |      33 |   0.0 |  1176
               +---------+---------+-------+---------+---------+-------+---------
           D:1 |       0 |      48 |   0.0 |       0 |      26 |   0.0 |   894
           D:2 |       0 |      12 |   0.0 |       0 |       7 |   0.0 |   282
               +---------+---------+-------+---------+---------+-------+---------

Vault maps used:
D:1:      saegor_arrival_under_anarchy
D:2:      first_bread, uniq_natasha
